 Dungeon Crawl Stone Soup version 0.28.0 (webtiles) character file.

Game seed: 2256644692064515802

3358 SnakkuSnakku7 the Cleaver (level 9, -1/63 HPs)
             Began as a Mummy Cinder Acolyte on Feb 11, 2022.
             Was a High Priest of Ignis.
             Slain by a hornet zombie (11 damage)
             ... on level 8 of the Dungeon.
             The game lasted 00:13:39 (9704 turns).

SnakkuSnakku7 the Cleaver (Mummy Cinder Acolyte)    Turns: 9704, Time: 00:13:40

Health: -1/63      AC:  4    Str: 19    XL:     9   Next: 73%
Magic:  2/16       EV: 11    Int: 16    God:    Ignis [*****.]
Gold:   323        SH:  0    Dex:  7    Spells: 16/18 levels left

rFire   . . .      SeeInvis .   a - +0 war axe
rCold   + . .      Faith    .   (no shield)
rNeg    + + +      Spirit   .   b - +0 robe
rPois   ∞          Reflect  .   (no helmet)
rElec   .          Harm     .   (no cloak)
rCorr   .          Rampage  .   (no gloves)
Will    +....                   e - +1 pair of boots
Stlth   +.........              i - amulet of the acrobat
HPRegen 0.20/turn               (no ring)
MPRegen 0.15/turn               (no ring)

@: no status effects
A: cold resistance 1, negative energy resistance 3, torment resistance 2, heat
vulnerability 1, no potions
a: Renounce Religion, Fiery Armour, Foxfire Swarm, Rising Flame


You were on level 8 of the Dungeon.
You worshipped Ignis.
Ignis was extremely pleased with you.
You visited 1 branch of the dungeon, and saw 8 of its levels.

You collected 392 gold pieces.
You spent 69 gold pieces at shops.

Inventory:

Hand Weapons
 a - a +0 war axe (weapon)
 d - a +2 vampiric dagger
 o - a -1 mace of flaming
Armour
 b - a +0 robe (worn)
 e - a +1 pair of boots (worn)
 p - a +0 plate armour
Jewellery
 i - an amulet of the acrobat (around neck)
Wands
 n - a wand of flame (12)
Scrolls
 c - 3 scrolls of fear
 f - 2 scrolls of amnesia
 g - a scroll of enchant weapon
 h - 2 scrolls of magic mapping
 j - 2 scrolls of vulnerability
 k - a scroll of summoning {unknown}
 l - a scroll of teleportation
 m - a scroll of fog


   Skills:
 - Level 3.0 Fighting
 + Level 9.2(9.4) Axes
 - Level 2.4(6.3) Maces & Flails
 - Level 5.0 Spellcasting
 - Level 6.6 Fire Magic


You had 16 spell levels left.
You knew the following spells:

 Your Spells              Type           Power      Damage    Failure   Level
a - Scorch                Fire           50%        2d7       1%          2

Your spell library contained the following spells:

 Spells                   Type           Power      Damage    Failure   Level


Dungeon Overview and Level Annotations

Branches:
Dungeon (8/15)             Temple (0/1) D:5
   Lair: D:8-11

Altars:
Xom

Shops:
D:3 *   D:5 (

Annotations:
D:3 1 transporter


Innate Abilities, Weirdness & Mutations

You are immune to poison.
Your flesh is cold resistant. (rC+)
You are immune to negative energy. (rN+++)
You are immune to unholy pain and torment.
You are vulnerable to heat. (rF-)
You do not drink.


Message History

Casting: Scorch (safe; 1% risk of failure)
Press: ? - help, Q - select action, (/) - cycle Dir - look around, f - activate Flames lash the hornet zombie.
The hornet zombie is burned terribly!
The hornet zombie is moderately damaged.
You hear a shout!
The hornet zombie hits you.
An orc comes into view. It is wielding a +0 spear.
Casting: Scorch (safe; 1% risk of failure)
Press: ? - help, Q - select action, (/) - cycle Dir - look around, f - activate Flames lash the hornet zombie.
The hornet zombie is burned terribly!
The hornet zombie is severely damaged.
The hornet zombie closely misses you.
Unknown command.
The hornet zombie completely misses you.
The hornet zombie misses you.
There is a stone staircase leading up here.
Casting: Scorch (safe; 1% risk of failure)
Press: ? - help, Q - select action, (/) - cycle Dir - look around, f - activate Flames lash the hornet zombie.
The hornet zombie is burned terribly!
The hornet zombie is almost destroyed.
The hornet zombie hits you!
Unknown command.
You hit the hornet zombie but do no damage.
The hornet zombie is almost destroyed.
The hornet zombie barely misses you.
A goblin comes into view. It is wielding a +0 spear.
The goblin shouts!
You hit the hornet zombie.
The hornet zombie is almost destroyed.
The hornet zombie hits you!
A wight comes into view. It is wielding a +2 flail.
The hornet zombie hits you!
You barely miss the hornet zombie.
The hornet zombie is almost destroyed.
The hornet zombie barely misses you.
A gnoll comes into view. It is wielding a +0 spear.
The hornet zombie hits you!
* * * LOW HITPOINT WARNING * * *
The goblin barely misses you. The hornet zombie hits you!
You die...

.≈.# .z.# #≈.#
#zg# #go# ≈.#
##g#
#######Z.#######
.....).)@)...!..
...?.###########
.... ##


You could see 2 wights, a gnoll, an orc, a hornet zombie (combustible) and 2
goblins.

Vanquished Creatures
  A steam dragon (D:7)
  2 water moccasins
  2 orc warriors
  A sky beast (D:5)
  3 ice beasts
  3 ogres
  A wolf (D:5)
  A phantom (D:4)
  Blork the orc (D:5)
  2 gnoll sergeants (D:5)
  4 scorpions
  A wyvern zombie (D:6)
  A water moccasin skeleton (D:6)
  5 killer bees (D:7)
  6 wights (D:7)
  A bullfrog zombie (D:5)
  A jelly (D:6)
  7 hounds
  2 bullfrog skeletons (D:5)
  2 orc priests (D:3)
  4 gnoll shamans
  2 orc wizards
  6 iguanas
  A hound zombie (D:5)
  A hound skeleton (D:4)
  14 gnolls
  4 adders
  A shadow imp (D:3)
  An ufetubus (D:5)
  2 adder skeletons (D:4)
  A worm (D:3)
  3 dart slugs
  6 orcs
  9 endoplasms
  4 giant cockroaches
  10 hobgoblins
  16 jackals
  9 kobolds
  8 quokkas
  8 ball pythons
  11 bats
  5 frilled lizards
  9 goblins
  7 rats
189 creatures vanquished.

Vanquished Creatures (others)
  2 plants (D:3)
2 creatures vanquished.

Grand Total: 191 creatures vanquished

Notes
Turn   | Place    | Note
-------+----------+-------------------------------------------
     0 | D:1      | SnakkuSnakku7 the Mummy Cinder Acolyte began the quest for
                  | the Orb.
     0 | D:1      | Reached XP level 1. HP: 18/18 MP: 2/2
   258 | D:1      | Reached XP level 2. HP: 9/24 MP: 4/4
   615 | D:1      | Learned a level 2 spell: Scorch
   786 | D:1      | Reached XP level 3. HP: 27/29 MP: 5/5
  1610 | D:2      | You fall into a shaft and drop 2 floors!
  1663 | D:3      | Found a transporter.
  1679 | D:3      | Found a transporter.
  1730 | D:2      | Reached XP level 4. HP: 35/35 MP: 6/6
  1947 | D:2      | Noticed a scorpion
  1954 | D:2      | Killed a scorpion
  1955 | D:2      | Reached XP level 5. HP: 37/41 MP: 0/7
  2372 | D:3      | Reached skill level 5 in Fire Magic
  2458 | D:3      | Found Womnofov's Assorted Antiques.
  2463 | D:3      | Bought a scroll labelled GEUDWA RAUMOFU for 23 gold pieces
  2463 | D:3      | Bought a scroll labelled FAZUCK JIFA for 23 gold pieces
  2463 | D:3      | Bought a scroll labelled INEYHOX HELIUB for 23 gold pieces
  2600 | D:3      | Noticed a kobold demonologist
  3167 | D:3      | Noticed a rust devil
  3651 | D:4      | Reached XP level 6. HP: 32/47 MP: 8/8
  4136 | D:5      | Entered Level 5 of the Dungeon
  4144 | D:5      | Noticed Blork the orc
  4152 | D:5      | Killed Blork the orc
  4606 | D:5      | Found Lacwat's Weapon Emporium.
  4608 | D:5      | Reached XP level 7. HP: 52/52 MP: 2/9
  4717 | D:5      | Reached skill level 1 in Axes
  4805 | D:5      | Reached skill level 2 in Axes
  5395 | D:5      | Reached skill level 5 in Spellcasting
  5495 | D:5      | Reached skill level 3 in Axes
  5495 | D:5      | Reached XP level 8. HP: 54/58 MP: 8/15
  5658 | D:4      | Reached skill level 4 in Axes
  6106 | D:5      | Reached skill level 5 in Axes
  6873 | D:5      | Found a staircase to the Ecumenical Temple.
  7082 | D:6      | Reached skill level 6 in Axes
  7681 | D:6      | Reached XP level 9. HP: 42/63 MP: 7/16
  7707 | D:6      | Reached skill level 7 in Axes
  8362 | D:6      | Found a shimmering altar of Xom.
  8546 | D:7      | Reached skill level 8 in Axes
  9514 | D:8      | Reached skill level 9 in Axes
  9704 | D:8      | Slain by a hornet zombie

Illustrated notes

Levels and vault maps discovered:
D:1:      mrwooster_arrival_arrow, layout_loops_ring, minmay_misc_feat_doors,
          wander_ebering_terrifying_dragon_lair
D:2:      layout_loops_cross
D:3:      gammafunk_wand_slinger, layout_loops_ring, serial_shops,
          shop_fountains, minmay_misc_feat_tower
D:4:      layout_loops_ring
D:5:      layout_cave_pools, temple_hall, serial_gnoll_camp,
          gnoll_camp_mini_hut, gnoll_camp_mini_house, gnoll_camp_huts_basic,
          gnoll_camp_mini_house, serial_shops, kennysheep_mini,
          kennysheep_generic_room_7, uniq_blork_the_orc
D:6:      layout_gridville, tgw_xom, chequers_serial_rivers_small_3
D:7:      layout_loops_ring
D:8:      cheibrodos_shockbox, layout_loops_ring, lightli_bailey_entry_fortress,
          minmay_misc_feat_rows, st_stairs_7, uniq_maggie

Skill      XL: |  1  2  3  4  5  6  7  8  9 |
---------------+----------------------------+-----
Fire Magic     | 3 4 5 6 |  6.6
Axes           | 3 6 9 |  9.2
Spellcasting   | 5 |  5.0
Fighting       | |  3.0
Maces & Flails | |  2.4

Action                   |  1- 3 |  4- 6 |  7- 9 || total
-------------------------+-------+-------+-------++-------
Melee: Mace              |    33 |       |       ||    33
       Punch             |     5 |     3 |     1 ||     9
       Dagger            |   194 |   212 |       ||   406
       War axe           |       |       |   159 ||   159
 Cast: Scorch            |     4 |    34 |   171 ||   209
Evoke: Wand              |       |    11 |     1 ||    12
  Use: Scroll            |       |     7 |     4 ||    11
 Stab: Sleeping          |       |     1 |       ||     1
Armor: Robe              |    46 |    31 |    41 ||   118
Dodge: Dodged            |   176 |   173 |   185 ||   534
